 Dungeon Crawl Stone Soup version 0.30-a0-358-g0d69a1922f (webtiles) character file.

Game seed: 7893957232930330717

3738 IdlyInterested the Fighter (level 9, 0/126 HPs)
             Began as a Demonspawn Wanderer on Nov 7, 2022.
             Succumbed to a killer bee's poison
             ... on level 5 of the Dungeon on Nov 9, 2022.
             The game lasted 00:17:35 (6129 turns).

IdlyInterested the Fighter (Demonspawn Wanderer)    Turns: 6129, Time: 00:17:36

Health: 0/126      AC: 24    Str: 11    XL:     9   Next: 93%
Magic:  12/12      EV:  2    Int: 21    God:
Gold:   371        SH:  0    Dex: 17    Spells: 9/12 levels left

rFire   . . .      SeeInvis .    q - +8 war axe "Qekoa" {freeze, Dex+8}
rCold   . . .      Faith    .    (no shield)
rNeg    . . .      Spirit   .    (body armour currently unavailable)
rPois   +          Reflect  .    (helmet currently unavailable)
rElec   .          Harm     .    (cloak currently unavailable)
rCorr   .          Rampage  .    (gloves currently unavailable)
Will    .....      NoTele   +    (boots unavailable)
Stlth   ++........               (no amulet)
HPRegen 0.41/turn                (no ring)
MPRegen 0.13/turn                (no ring)

@: lethally poisoned (0 -> -2), tree-form
A: stationary, stasis, torment immunity, boosted hp, (hooves 3), (molten scales
3), clumsy 1, deterioration 1, noise suppression
a: no special abilities


You were on level 5 of the Dungeon.
You were a tree.
You visited 2 branches of the dungeon, and saw 6 of its levels.
You also visited: Sewer.

You collected 371 gold pieces.

Inventory:

Hand Weapons
 c - a +2 dagger of electrocution
 e - the +4 mace "Ogre's Doom" {drain, rC+}
   (You found it on level 4 of the Dungeon)

   A truly terrible weapon, it drains the life of any living foe it strikes.
   rC:        It protects you from cold.
 j - a +0 hand axe
 q - the +8 war axe "Qekoa" (weapon) {freeze, Dex+8}
   (You found it on level 3 of the Dungeon)

   It freezes those it strikes, dealing additional cold damage.
   It can also slow down cold-blooded creatures.
   Dex:       It affects your dexterity (+8).
 t - a +2 flail of protection
 z - a +0 rapier
Missiles
 h - 18 poisoned darts
Armour
 a - a +0 pair of gloves (melded)
 g - a +0 cloak (melded)
 m - a +0 helmet (melded)
 p - a +0 ring mail
 v - a +2 robe of willpower (melded)
Magical Staves
 k - a staff of fire
 F - a staff of cold
Wands
 r - a wand of light (6)
 u - a wand of flame (14)
Scrolls
 b - 7 scrolls of teleportation
 n - a scroll of amnesia {unknown}
 w - a scroll of immolation {unknown}
 x - 2 scrolls of enchant weapon {unknown}
 y - a scroll of magic mapping
 A - 3 scrolls of enchant armour {unknown}
 E - a scroll of fear {unknown}
Potions
 d - a potion of lignification
 s - 2 potions of flight
 B - a potion of might {unknown}
 D - 2 potions of brilliance {unknown}


   Skills:
 * Level 12.9 Fighting
 - Level 2.0 Armour
 - Level 2.0 Dodging
 - Level 2.0 Stealth
 - Level 2.0 Spellcasting
 - Level 3.0 Conjurations
 - Level 3.0 Ice Magic
 - Level 3.0 Air Magic
 - Level 2.0 Evocations


You had 9 spell levels left.
You knew the following spells:

 Your Spells              Type           Power      Damage    Failure   Level
a - Static Discharge      Conj/Air       28%        2-4/arc   6%          2
b - Shock                 Conj/Air       56%        1d6       4%          1

Your spell library contained the following spells:

 Spells                   Type           Power      Damage    Failure   Level
 Freeze                   Ice            56%        1d7       4%          1
 Kiss of Death            Conj/Necr      32%        2d7       8%          1
 Ozocubu's Armour         Ice            14%        N/A       13%         3
 Vhi's Electric Charge    Tloc/Air       16%        N/A       24%         3
 Confusing Touch          Hex            2%         N/A       41%         3
 Summon Ice Beast         Ice/Summ       8%         N/A       61%         4
 Arcjolt                  Conj/Air       7%         1d17      75%         5
 Lightning Bolt           Conj/Air       7%         1d19      75%         5
 Dispel Undead            Necr           2%         3d7       82%         4
 Metabolic Englaciation   Hex/Ice        4%         N/A       91%         5
 Simulacrum               Ice/Necr       4%         N/A       100%        6


Dungeon Overview and Level Annotations

Branches:
Dungeon (5/15)             Temple (1/1) D:4           Sewer (visited)

Altars:
Ashenzari
Cheibriados
Dithmenos
Fedhas
Gozag
Hepliaklqana
Kikubaaqudgha
Makhleb
Nemelex Xobeh
Okawaru
Qazlal
Ru
Sif Muna
Trog
Uskayaw
Vehumet
Wu Jian
Xom
Yredelemnul

Annotations:
D:5 1 runed translucent door


Innate Abilities, Weirdness & Mutations

You are a tree.
Your roots penetrate the ground, keeping you stationary.
You cannot be teleported.
You are immune to unholy pain and torment.
Your maximum health is greatly increased.
Your equipment is partially melded.
((You have hooves in place of feet.))
((You are completely covered in molten scales. (AC +4, rF+)))
You are clumsy. (Dex -2)
Your body sometimes deteriorates upon taking damage.
You passively dampen the noise of your surroundings.


Message History

You miss the killer bee. You kick the killer bee.
You kill the killer bee!
You feel sick. The killer bee closely misses you. x2
You barely miss the killer bee.
You feel sick. The killer bee barely misses you. The killer bee stings you.
* * * LOW HITPOINT WARNING * * *
You are more poisoned.
The killer bee poisons you! The killer bee stings you.
* * * LOW HITPOINT WARNING * * *
Unknown command.
You slice the killer bee!! You freeze the killer bee.
You kill the killer bee!
You feel very sick. The killer bee stings you.
* * * LOW HITPOINT WARNING * * *
The killer bee stings you.
* * * LOW HITPOINT WARNING * * *
You closely miss the killer bee. Your kick misses the killer bee.
You feel sick. The killer bee barely misses you.
The killer bee closely misses you. The killer bee stings you.
* * * LOW HITPOINT WARNING * * *
Unknown command.
It was a potion of mutation.
You feel extremely strange.
You feel yourself wasting away.
You feel clumsy.
You feel your surroundings grow quieter.
* * * LOW HITPOINT WARNING * * *
You feel sick. The killer bee closely misses you.
The killer bee barely misses you.
Really quaff the potion of lignification?
You turn into a tree.
Your +0 cloak melds into your body.
Your +0 helmet melds into your body.
Your +0 pair of gloves melds into your body.
Your +2 robe of willpower melds into your body.
You feel less strong-willed.
Your roots penetrate the ground.
You feel sick.
The killer bee stings you but does no damage.
The killer bee stings you.
* * * LOW HITPOINT WARNING * * *
Okay, then.
You miss the killer bee.
You die...

....# ##..##.y...##.........#
###.# #..##.y.....##...######
#.# #.##'##...##+##..# #.#
#.#...#####...#..# #.#
#.#....#.#....#.## #.##
#.#....#.#....#.# #..##
#.#....'y'....#.#
###...###.##...#y#...##.######
##.###.##..###.#♣#.###.......#
#.## ##.##...###.###...#####.#
.## ##.###...........# #.# .#
#.# ###########.# #.# [## ##.#
#.# #.# ))## ##..# #.# #.#
)#)###.#.# ### #.# #.#
.##...##.## ##.## #.# #.#
.###.##...###...######.# #.#


You could see 2 killer bees.

Vanquished Creatures
  Pikel (D:5)
  Sigmund (D:3)
  3 redbacks (D:5)
  5 water moccasins
  Duvessa (D:5)
  A black bear (D:5)
  An ogre (D:4)
  A centaur (D:5)
  A phantom (D:5)
  A lemure (D:5)
  A kobold brigand (D:4)
  11 scorpions
  Dowan (D:5)
  7 killer bees (D:5)
  3 orc priests (D:4)
  A jelly (D:3)
  5 hounds
  2 iguanas
  Jessica (D:3)
  4 orc wizards
  11 gnolls
  5 adders
  4 worms
  2 dart slugs
  6 orcs
  10 ball pythons
  3 endoplasms
  7 giant cockroaches
  7 hobgoblins
  12 kobolds
  4 quokkas
  9 bats
  5 frilled lizards
  5 goblins
  7 rats
149 creatures vanquished.

Notes
Turn   | Place    | Note
-------+----------+-------------------------------------------
     0 | D:1      | IdlyInterested the Demonspawn Wanderer began the quest for
                  | the Orb.
     0 | D:1      | IdlyInterested set off with the following items: a +0
                  | dagger, a scroll of teleportation, a +0 robe, a potion of
                  | lignification; and the following spells available to
                  | memorise: Freeze, Shock, Ozocubu's Armour, Vhi's Electric
                  | Charge, Summon Ice Beast.
     0 | D:1      | Reached XP level 1. HP: 16/16 MP: 3/3
   178 | D:1      | Reached skill level 1 in Stealth
   199 | D:1      | Gained mutation: You have large cloven feet. [demonic
                  | ancestry]
   199 | D:1      | Reached XP level 2. HP: 16/23 MP: 5/5
   335 | D:1      | Noticed an eye of devastation
   338 | D:1      | Found a faded altar of an unknown god.
   340 | D:1      | Noticed a shining eye
   341 | D:1      | Noticed an eye of devastation
   341 | D:1      | Noticed a floating eye
   834 | D:1      | Learned a level 2 spell: Static Discharge
   834 | D:1      | Upgraded the game from 0.30-a0-354-g6b83867211 to
                  | 0.30-a0-358-g0d69a1922f
  1264 | D:2      | Found a shadowy altar of Dithmenos.
  1324 | D:2      | Gained mutation: You are partially covered in molten
                  | scales. (AC +2) [demonic ancestry]
  1324 | D:2      | Reached XP level 3. HP: 28/28 MP: 6/6
  1340 | D:2      | Reached skill level 3 in Fighting
  1724 | D:3      | Identified the +8 war axe "Qekoa" {freeze, Dex+8}
  1800 | D:3      | Found a transporter.
  1800 | D:3      | Found a transporter.
  1804 | D:3      | Noticed a scorpion
  1804 | D:3      | Found an iron altar of Okawaru.
  1804 | D:3      | Found a hazy altar of Hepliaklqana.
  1814 | D:3      | Gained mutation: You have hoof-like feet. [demonic
                  | ancestry]
  1814 | D:3      | Reached XP level 4. HP: 18/35 MP: 7/7
  1814 | D:3      | Killed a scorpion
  1815 | D:3      | Reached skill level 4 in Fighting
  1817 | D:3      | Reached XP level 5. HP: 29/43 MP: 8/8
  1824 | D:3      | Reached skill level 1 in Conjurations
  1956 | D:3      | Noticed Sigmund
  1966 | D:3      | Killed Sigmund
  1967 | D:3      | Reached skill level 5 in Fighting
  1967 | D:3      | Gained mutation: You are mostly covered in molten scales.
                  | (AC +3) [demonic ancestry]
  1967 | D:3      | Reached XP level 6. HP: 30/51 MP: 9/9
  2306 | D:3      | Learned a level 1 spell: Shock
  2680 | D:3      | Noticed Jessica
  2688 | D:3      | Killed Jessica
  2689 | D:3      | Reached skill level 6 in Fighting
  2911 | D:4      | Gained mutation: You have hooves in place of feet. [demonic
                  | ancestry]
  2911 | D:4      | Reached XP level 7. HP: 54/58 MP: 10/10
  2917 | D:4      | Reached skill level 1 in Dodging
  2980 | D:4      | Identified the +4 mace "Ogre's Doom" {drain, rC+}
  3077 | D:4      | Found a glowing drain.
  3081 | Sewer    | Entered a sewer
  3121 | Sewer    | Reached skill level 7 in Fighting
  3335 | D:4      | Found a staircase to the Ecumenical Temple.
  3347 | D:4      | Reached skill level 1 in Armour
  3358 | Temple   | Entered the Ecumenical Temple
  3975 | D:4      | Reached XP level 8. HP: 65/68 MP: 11/11
  4652 | D:5      | Entered Level 5 of the Dungeon
  4657 | D:5      | Reached skill level 8 in Fighting
  4915 | D:5      | Noticed Dowan
  4916 | D:5      | Noticed Duvessa
  4919 | D:5      | Killed Duvessa
  4925 | D:5      | Killed Dowan
  5076 | D:5      | Found a runed translucent door.
  5077 | D:5      | Found a runed translucent gate.
  5077 | D:5      | Found a runed translucent gate.
  5088 | D:5      | Found the +9 staff of Olgreb {rPois∞}
  5195 | D:5      | Reached skill level 9 in Fighting
  5203 | D:5      | Reached skill level 1 in Evocations
  5213 | D:5      | Noticed Pikel
  5222 | D:5      | Killed Pikel
  5223 | D:5      | Reached skill level 10 in Fighting
  5367 | D:5      | Gained mutation: You are completely covered in molten
                  | scales. (AC +4, rF+) [demonic ancestry]
  5367 | D:5      | Reached XP level 9. HP: 71/78 MP: 12/12
  5827 | D:5      | Found a runed translucent gate.
  5836 | D:5      | Found a runed translucent door.
  5875 | D:5      | Reached skill level 11 in Fighting
  5902 | D:5      | Reached skill level 12 in Fighting
  6126 | D:5      | HP: 3/84 [killer bee (3)]
  6127 | D:5      | Gained mutation: Your body sometimes deteriorates upon
                  | taking damage. [potion of mutation]
  6127 | D:5      | Gained mutation: You are clumsy. (Dex -2) [potion of
                  | mutation]
  6127 | D:5      | Gained mutation: You passively dampen the noise of your
                  | surroundings. [potion of mutation]
  6128 | D:5      | HP: 1/126 [killer bee (2)]
  6129 | D:5      | Succumbed to a killer bee's poison

Illustrated notes

Levels and vault maps discovered:
D:1:      lightli_arrival_statuegarden, layout_basic,
          hellmonk_ecumenical_altar_watching_god, amcnicky_mini_pool_small,
          minmay_misc_feat_hallway
D:2:      layout_rooms, basic_altar, minmay_misc_feat_five
D:3:      layout_basic, gammafunk_temple_overflow_arena,
          kennysheep_jessica_study, uniq_sigmund
D:4:      cheibrodos_thug_alley, layout_loops_corners,
          minmay_temple_entry_antechambers, gup_sewer_entry_spiral,
          chequers_serial_rivers_small_a
D:5:      layout_loops_ring, minmay_guarded_unrand_staff_of_olgreb,
          uniq_duvessa, uniq_pikel
Temple:   mainiacjoe_temple_cubbyholes

Skill      XL: |  1  2  3  4  5  6  7  8  9 |
---------------+----------------------------+-----
Stealth        | 1 2 |  2.0
Fighting       | 3 4 5 6 7 10 12 | 12.9
Air Magic      | 3 |  3.0
Ice Magic      | 3 |  3.0
Conjurations   | 2 3 |  3.0
Dodging        | 2 |  2.0
Armour         | 1 2 |  2.0
Evocations     | 2 |  2.0
Spellcasting   | |  2.0

Action                   |  1- 3 |  4- 6 |  7- 9 || total
-------------------------+-------+-------+-------++-------
Melee: Dagger            |   117 |       |       ||   117
       Kick              |    23 |     8 |    42 ||    73
       Punch             |     1 |     1 |     3 ||     5
       War axe           |     4 |    49 |   185 ||   238
  Use: Scroll            |     3 |     5 |       ||     8
       Potion            |     2 |     1 |     9 ||    12
 Stab: Sleeping          |     4 |     1 |     4 ||     9
       Invisible         |       |       |     5 ||     5
Armor: Robe              |    11 |       |    86 ||    97
       Leather armour    |    20 |    19 |       ||    39
       Skin              |       |       |     1 ||     1
Dodge: Dodged            |    65 |    35 |   169 ||   269

Table legend: (Time is in decaauts)
 A = Elapsed time spent in this place.
 B = Non-inter-level travel time spent in this place.
 C = Inter-level travel time spent in this place.
 D = Time resting spent in this place.
 E = Time spent auto-exploring this place.
 F = Levels seen in this place.
 G = Mean time per level.
                   A        B        C        D        E       F      G
               +--------+--------+--------+--------+--------+-----+--------+
         Total |   6323 |   5383 |    940 |    435 |   3364 |   7 |  903.3 |
       Dungeon |   5863 |   4975 |    888 |    435 |   3051 |   5 | 1172.6 |
        Temple |    368 |    316 |     52 |      0 |    313 |   1 |  368.0 |
         Sewer |     91 |     91 |      0 |      0 |      0 |   1 |   91.0 |
               +--------+--------+--------+--------+--------+-----+--------+

Top non-repeatable levels by time:
     D:4: 1618 daAuts
     D:5: 1284 daAuts
     D:3: 1151 daAuts
     D:1: 971 daAuts
     D:2: 838 daAuts
  Temple: 368 daAuts
   Sewer: 91 daAuts
